 Dungeon Crawl Stone Soup version 0.29.0-11-gd7f09526c8 (webtiles) character file.

Game seed: 6046812641726598081

243 mtoz the Changer (level 6, -4/47 HPs)
             Began as a Gnoll Wanderer on Sept 6, 2022.
             Slain by Natasha (7 damage)
             ... on level 3 of the Dungeon.
             The game lasted 00:21:36 (4320 turns).

mtoz the Changer (Gnoll Wanderer)                   Turns: 4320, Time: 00:21:36

Health: -4/47      AC:  5    Str: 15    XL:     6   Next: 9%
Magic:  14/14      EV: 10    Int: 13    God:
Gold:   135        SH:  0    Dex:  8    Spells: 12/15 levels left

rFire   . . .      SeeInvis .   k - +0 hand axe
rCold   . . .      Faith    .   (no shield)
rNeg    . . .      Spirit   .   h - +0 ring mail
rPois   .          Reflect  .   (helmet currently unavailable)
rElec   .          Harm     .   (no cloak)
rCorr   .          Rampage  .   (no gloves)
Will    .....                   (boots currently unavailable)
Stlth   +.........              (no amulet)
HPRegen 0.15/turn               (no ring)
MPRegen 0.14/turn               (no ring)

@: about to teleport, appendages (expiring), slowed, very slow
A: horns 2, talons 2, fangs 1, strong nose, distributed training
a: End Transformation


You were on level 3 of the Dungeon.
You had temporarily grown beastly horns and talons.
You visited 1 branch of the dungeon, and saw 3 of its levels.

You collected 135 gold pieces.

Inventory:

Hand Weapons
 a - a +0 dagger
 b - a +0 flail
 k - a +0 hand axe (weapon)
 m - a +0 whip
 n - a +0 club
 r - a +0 flail
Missiles
 c - 3 stones (quivered)
 j - 3 throwing nets
Armour
 e - a +0 leather armour
 h - a +0 ring mail (worn)
 l - a +0 robe
 o - a +2 pair of boots (melded)
Scrolls
 g - a scroll of identify
 i - 3 scrolls of amnesia
 p - a scroll of fear
 q - a scroll of enchant armour
Potions
 d - a potion of brilliance
 s - a potion of haste {unknown}


   Skills:
 + Level 3.2 Fighting
 + Level 1.9 Short Blades
 + Level 1.9 Long Blades
 + Level 1.9 Axes
 + Level 1.9 Maces & Flails
 + Level 1.9 Polearms
 + Level 1.9 Staves
 + Level 1.9 Ranged Weapons
 + Level 4.9 Throwing
 + Level 3.2 Armour
 + Level 1.9 Dodging
 + Level 1.9 Stealth
 + Level 1.9 Shields
 + Level 3.2 Unarmed Combat
 + Level 5.3 Spellcasting
 + Level 1.5 Conjurations
 + Level 1.5 Hexes
 + Level 1.5 Summonings
 + Level 1.5 Necromancy
 + Level 1.5 Translocations
 + Level 5.6 Transmutations
 + Level 1.5 Fire Magic
 + Level 1.5 Ice Magic
 + Level 1.5 Air Magic
 + Level 1.5 Earth Magic
 + Level 1.5 Poison Magic
 + Level 2.1 Invocations
 + Level 1.9 Evocations


You had 12 spell levels left.
You knew the following spells:

 Your Spells              Type           Power      Damage    Failure   Level
a - Beastly Appendage     Tmut           36%        N/A       3%          1
b - Passwall              Tmut/Erth      10%        N/A       12%         2

Your spell library contained the following spells:

 Spells                   Type           Power      Damage    Failure   Level
 Spider Form              Tmut/Pois      12%        N/A       24%         3
 Summon Guardian Golem    Hex/Summ       7%         N/A       50%         3
 Orb of Destruction       Conj           3%         9d5       100%        7
 Spellforged Servitor     Conj/Summ      3%         N/A       100%        7


Dungeon Overview and Level Annotations

Branches:
Dungeon (3/15)

Altars:

Annotations:
D:3 Natasha


Innate Abilities, Weirdness & Mutations

You have temporarily grown beastly horns and talons.
You have very sharp teeth.
Your uncanny sense of smell can sniff out nearby items.
Your experience applies equally to all skills.


Message History

Natasha closely misses you. The iron imp hits you! Natasha barely misses you.
You hit Natasha.
Natasha is severely wounded.
You hit the crimson imp. You barely miss the iron imp.
The crimson imp hits you. Natasha claws you.
The iron imp picks up a beetle and eats it.
The iron imp hits you but does no damage.
The crimson imp closely misses you.
You hit Natasha but do no damage. Your kick misses Natasha.
Your headbutt misses Natasha. Your bite misses Natasha.
Natasha is severely wounded.
You hit the crimson imp. You closely miss the iron imp.
Your transformation is almost over.
Natasha stares at you and mumbles some strange words.
The magic dart hits you! The crimson imp misses you.
The iron imp barely misses you. Natasha barely misses you.
The crimson imp hits you.
* * * LOW HITPOINT WARNING * * *
The iron imp hits you.
* * * LOW HITPOINT WARNING * * *
You barely miss Natasha. You claw Natasha, but do no damage.
Natasha is heavily wounded.
You closely miss the crimson imp. You hit the iron imp.
Natasha barely misses you. The crimson imp completely misses you.
The iron imp hits you but does no damage.
Natasha barely misses you.
The crimson imp hits you but does no damage.
Unknown command.
As you read the scroll of teleportation, it crumbles to dust.
You feel strangely unstable. Natasha claws you.
* * * LOW HITPOINT WARNING * * *
The iron imp closely misses you. The crimson imp hits you.
* * * LOW HITPOINT WARNING * * *
Natasha claws you but does no damage.
You hit Natasha. Your kick misses Natasha.
Natasha is severely wounded.
You closely miss the crimson imp. You hit the iron imp.
The crimson imp disappears in a puff of smoke!
The iron imp closely misses you. Natasha claws you!
You die...

........ .#.####. ∆ .#.# ∆
.# # .# #.# #### .# # #.#
#.. .#.# #.# #.# .#.#
#.#######5### ...#
#.##....§@hK###..## .###
#.##.####.#r....... .#
#.##.# #.#........
.#######.##.####.#....~~~.
.......#..........#..~~~~~
.#####...........#...~~.~~
.......########### ..~~~~~
######## .?.~~~. .......


You could see an iron imp (summoned), Natasha, a kobold and a rat.

Vanquished Creatures
  A scorpion (D:3)
  A jelly (D:3)
  An orc wizard (D:3)
  3 gnolls (D:3)
  2 adders (D:2)
  3 worms (D:2)
  A dart slug (D:1)
  4 orcs (D:3)
  6 ball pythons
  8 bats
  5 endoplasms
  4 giant cockroaches
  3 goblins
  4 hobgoblins
  2 jackals (D:2)
  2 quokkas
  7 frilled lizards
  7 kobolds
  11 rats
75 creatures vanquished.

Notes
Turn   | Place    | Note
-------+----------+-------------------------------------------
     0 | D:1      | mtoz the Gnoll Wanderer began the quest for the Orb.
     0 | D:1      | mtoz set off with the following items: a +0 dagger, 7
                  | boomerangs, a scroll of butterflies, a potion of
                  | brilliance, a +0 leather armour; and the following spell
                  | memorised: Beastly Appendage; and the following spells
                  | available to memorise: Passwall, Spider Form.
     0 | D:1      | Reached XP level 1. HP: 17/17 MP: 6/6
   193 | D:1      | Reached XP level 2. HP: 21/23 MP: 7/7
   644 | D:1      | Reached skill level 5 in Spellcasting
   644 | D:1      | Reached XP level 3. HP: 28/28 MP: 7/9
  1494 | D:2      | Reached skill level 1 in Invocations
  1923 | D:2      | Reached skill level 1 in Short Blades
  1923 | D:2      | Reached skill level 1 in Long Blades
  1923 | D:2      | Reached skill level 1 in Axes
  1923 | D:2      | Reached skill level 1 in Maces & Flails
  1923 | D:2      | Reached skill level 1 in Polearms
  1923 | D:2      | Reached skill level 1 in Staves
  1923 | D:2      | Reached skill level 1 in Ranged Weapons
  1923 | D:2      | Reached skill level 1 in Dodging
  1923 | D:2      | Reached skill level 1 in Stealth
  1923 | D:2      | Reached skill level 1 in Shields
  1923 | D:2      | Reached skill level 1 in Evocations
  1967 | D:2      | Learned a level 2 spell: Passwall
  2184 | D:2      | Reached XP level 4. HP: 27/34 MP: 11/11
  3162 | D:3      | Reached skill level 1 in Conjurations
  3162 | D:3      | Reached skill level 1 in Hexes
  3162 | D:3      | Reached skill level 1 in Summonings
  3162 | D:3      | Reached skill level 1 in Necromancy
  3162 | D:3      | Reached skill level 1 in Translocations
  3162 | D:3      | Reached skill level 1 in Fire Magic
  3162 | D:3      | Reached skill level 1 in Ice Magic
  3162 | D:3      | Reached skill level 1 in Air Magic
  3162 | D:3      | Reached skill level 1 in Earth Magic
  3162 | D:3      | Reached skill level 1 in Poison Magic
  3591 | D:3      | Noticed a scorpion
  3606 | D:3      | Killed a scorpion
  3607 | D:3      | Reached XP level 5. HP: 26/41 MP: 12/12
  4253 | D:3      | Reached XP level 6. HP: 47/47 MP: 14/14
  4285 | D:3      | Noticed Natasha
  4319 | D:3      | HP: 2/47 [crimson imp[Natasha] (2)]
  4320 | D:3      | Slain by Natasha

Illustrated notes

Levels and vault maps discovered:
D:1:      dpeg_arrival_castle, layout_basic, wad_floor_pattern_1,
          minmay_misc_feat_alley, minmay_split_cup_large
D:2:      layout_basic
D:3:      layout_loops_ring, portal_sewer_entry_a, uniq_natasha

Skill      XL: |  1  2  3  4  5 |
---------------+----------------+-----
Spellcasting   | 5 |  5.3
Invocations    | 1 2 |  2.1
Short Blades   | 1 |  1.9
Long Blades    | 1 |  1.9
Axes           | 1 |  1.9
Maces & Flails | 1 |  1.9
Polearms       | 1 |  1.9
Staves         | 1 |  1.9
Ranged Weapons | 1 |  1.9
Dodging        | 1 |  1.9
Stealth        | 1 |  1.9
Shields        | 1 |  1.9
Evocations     | 1 |  1.9
Conjurations   | 1 |  1.5
Hexes          | 1 |  1.5
Summonings     | 1 |  1.5
Necromancy     | 1 |  1.5
Translocations | 1 |  1.5
Fire Magic     | 1 |  1.5
Ice Magic      | 1 |  1.5
Air Magic      | 1 |  1.5
Earth Magic    | 1 |  1.5
Poison Magic   | 1 |  1.5
Fighting       | 3 |  3.2
Armour         | 3 |  3.2
Unarmed Combat | 3 |  3.2
Throwing       | |  4.9
Transmutations | |  5.6

Action                   |  1- 3 |  4- 6 || total
-------------------------+-------+-------++-------
Melee: Dagger            |   116 |       ||   116
       Bite              |     8 |    10 ||    18
       Hand axe          |    15 |   105 ||   120
       Punch             |     6 |     1 ||     7
       Kick              |     4 |     8 ||    12
       Headbutt          |     2 |     4 ||     6
Throw: Boomerang         |    83 |     9 ||    92
       Stone             |       |    31 ||    31
 Cast: Beastly Appendage |     2 |     4 ||     6
       Passwall          |       |     2 ||     2
  Use: Scroll            |     4 |     2 ||     6
       Potion            |       |     1 ||     1
Armor: Leather armour    |     9 |       ||     9
       Ring mail         |    46 |    36 ||    82
Dodge: Dodged            |    76 |    62 ||   138
